 Dungeon Crawl Stone Soup version 0.32-a0-136-gc02482bde3 (webtiles) character file.

Game seed: 9015241514337346539

1 ooooo the Conjurer (level 1, -1/3 HPs)
             Began as an Octopode Conjurer on Feb 10, 2024.
             Slain by a quokka (4 damage)
             ... on level 1 of the Dungeon.
             The game lasted 00:00:47 (74 turns).

ooooo the Conjurer (Octopode Conjurer)                Turns: 74, Time: 00:00:47

Health: -1/3       AC:  1    Str:  6    XL:     1   Next: 20%
Magic:  3/3        EV: 17    Int: 20    God:
Gold:   12         SH:  0    Dex: 10    Spells: 3/4 levels left

rFire   . . .        (weapon currently unavailable)
rCold   . . .        (shield currently unavailable)
rNeg    . . .        (helmet restricted)
rPois   .            (no amulet)
rElec   .            (no ring)
rCorr   .            (no ring)
SInv    .            (no ring)
Will    .....        (no ring)
Stlth   +            (no ring)
HPRegen 0.20/turn    (no ring)
MPRegen 0.08/turn    (no ring)
                     (no ring)

%: no passive effects
@: flux-form, glowing
A: glow, contaminating, reduced hp, almost no armour, amphibious, 8 rings,
camouflage 1, gelatinous body 1, (nimble swimmer 1), tentacles
a: Begin Untransformation


You were on level 1 of the Dungeon.
You were something dangerously unstable.
You visited 1 branch of the dungeon, and saw 1 of its levels.

You collected 12 gold pieces.

Inventory:

Talismans
 b - a flux talisman (active)
Potions
 a - a potion of magic


   Skills:
 - Level 2.0 Dodging
 - Level 2.6 Stealth
 - Level 2.0 Spellcasting
 + Level 4.0 Conjurations


You had 3 spell levels left.
You knew the following spells:

 Your Spells              Type           Power      Damage    Failure   Level
a - Magic Dart            Conj           72%        1d6       3%          1

Your spell library contained the following spells:

 Spells                   Type           Power      Damage    Failure   Level
 Searing Ray              Conj           36%        2d5       4%          2
 Fulminant Prism          Conj/Alch      5%         3d7       56%         4
 Iskenderun's Mystic Bla  Conj/Tloc      10%        2d4       56%         4


Dungeon Overview and Level Annotations

Branches:
Dungeon (1/15) Zot: 5925

Altars:


Innate Abilities, Weirdness & Mutations

You are something dangerously unstable.
You glow with magical radiation, making you easy to see and hit.
Foes you strike become dangerously contaminated with magical radiation.
Your maximum health is decreased, since you lack skill for your form.
You are incapable of wielding weapons or throwing items.
You cannot wear most types of armour.
You are amphibious.
You can wear up to eight rings at the same time.
Your skin changes colour to match your surroundings (Stealth+).
Your rubbery body absorbs attacks. (AC +1, EV +1)
((You are camouflaged when in or above water. (Stealth+)))
You have tentacles for arms and can constrict up to eight enemies at once.


Message History

Welcome, ooooo the Octopode Conjurer.
Will you prevail where others failed? Will you find the Orb of Zot?
Press ? for a list of commands and other information.
Found a robe and a flux talisman.
Found a staircase leading out of the dungeon.
You see here a flux talisman.
b - a flux talisman You begin transforming.
You continue transforming. x3
You turn into something dangerously unstable.
HP restored.
You see here a +0 robe.
As you open the large door, it creaks loudly!
There is a large open door here.
A hobgoblin comes into view.
The hobgoblin shouts!
The hobgoblin misses you.
You tentacle-slap the hobgoblin but do no damage.
The hobgoblin begins to glow.
Your grab misses the hobgoblin. You squeeze the hobgoblin.
The hobgoblin is moderately wounded.
The hobgoblin misses you.
You tentacle-slap the hobgoblin but do no damage.
The hobgoblin glows dangerously bright.
Your grab misses the hobgoblin. You squeeze the hobgoblin.
You kill the hobgoblin!
No target in view!
Found a stone staircase leading down.
There is a stone staircase leading down here.
You now have 12 gold pieces.
A quokka comes into view.
Found a puce potion.
You closely miss the quokka. Your grab misses the quokka.
Your squeeze misses the quokka. The quokka misses you.
You miss the quokka. Your grab misses the quokka.
Your squeeze misses the quokka. The quokka bites you.
Ouch! That really hurt!
You die...

#.# #.#
.# .#
###
##.##
#..>####
#.#....#
#...##.#
######.#
#.# #.#
#p# #r#
...
##.##
..# ..!
.## ..


You could see a quokka.

Vanquished Creatures
  A hobgoblin (D:1)
1 creature vanquished.

Notes
Turn   | Place    | Note
-------+----------+-------------------------------------------
     0 | D:1      | ooooo the Octopode Conjurer began the quest for the Orb.
     0 | D:1      | Reached XP level 1. HP: 11/11 MP: 3/3
    74 | D:1      | Slain by a quokka

Illustrated notes

Levels and vault maps discovered:
D:1:      sevenhm_arrival_forest_fort_small_6, layout_loops_ring, minmay_tall_x

Action                     || total
---------------------------++-------
  Melee: Unarmed           ||     4
         Tentacles         ||     2
 Armour: Skin              ||     1
  Dodge: Dodged            ||     3
   Form: Flux              ||     1

Table legend: (Time is in decaauts)
 A = Elapsed time spent in this place.
 B = Non-inter-level travel time spent in this place.
 C = Inter-level travel time spent in this place.
 D = Time resting spent in this place.
 E = Time spent auto-exploring this place.
 F = Levels seen in this place.
 G = Mean time per level.
                   A        B        C        D        E       F      G
               +--------+--------+--------+--------+--------+-----+--------+
         Total |     74 |     74 |      0 |      0 |     54 |   1 |   74.0 |
       Dungeon |     74 |     74 |      0 |      0 |     54 |   1 |   74.0 |
               +--------+--------+--------+--------+--------+-----+--------+

Top non-repeatable levels by time:
     D:1: 74 daAuts
